[Event "Titled Tuesday Blitz June 13 Late 2023"]
[White "Sun, Rick"]
[Black "ArchibaldCerveza29"]
[WhiteFideId "30909481"]
[WhiteElo "2169"]
[BlackElo "2465"]
[Result "1-0"]
[Round "7"]
[TimeControl "180+2"]
[Date "2023.06.13"]
[WhiteClock "0:00:04"]
[BlackClock "0:00:00"]
[Board "75"]

1. d4 d5 2. Nc3 Nf6 3. Bf4 Bf5 4. e3 e6 5. f3 Bd6 6. g4 Bxf4 7. exf4 Bg6 8. h4 h5 9. f5 exf5 10. Qe2+ Kd7 11. Qb5+ Kc8 12. g5 Re8+ 13. Nge2 c6 14. Qd3 Ng8 15. Bh3 Ne7 16. O-O-O Qd6 17. Qd2 Nd7 18. Qf4 Kc7 19. Rhe1 Nf8 20. Qxd6+ Kxd6 21. Nf4 Ne6 22. Nce2 Rad8 23. Rd3 Nc8 24. Re3 Nxf4 25. Nxf4 Rxe3 26. Rxe3 Nb6 27. b3 Nd7 28. c4 b6 29. Kd2 Nf8 30. cxd5 cxd5 31. Re5 Kc6 32. a4 Nd7 33. Rxd5 f6 34. gxf6 Bf7 35. Rxf5 Nxf6 36. Kc3 Kd6 37. Rg5 Rg8 38. Nd3 Nd5+ 39. Kb2 Re8 40. Ne5 Be6 41. Bxe6 Rxe6 42. Rxg7 Nf6 43. Rg6 Kd5 44. Rg5 Kxd4 45. Nc4 Kd3 46. Rg2 Re2+ 47. Rxe2 Kxe2 48. Nd6 Kxf3 49. Nb5 Kg4 50. Nxa7 Kxh4 51. Nc8 Nd7 52. b4 Kg5 53. Nxb6 Nxb6 54. a5 Nd5 55. b5 h4 56. b6 h3 57. b7 h2 58. b8=Q h1=Q 59. Qe5+ Kg6 60. Qd6+ Kg5 61. Qe5+ Kg6 62. Qe6+ Nf6 63. Qc4 Qb7+ 64. Ka3 Qa7 65. Kb4 Nd7 66. Qd3+ Kf6 67. Qf3+ Ke6 68. Qc6+ Ke7 69. Qe4+ Kd6 70. Qd3+ Kc7 71. Qg3+ Kc8 72. Qg8+ Kb7 73. Qg2+ Kc8 74. Qc6+ 1-0


[Site "https://www.chess.com"]

[Event "Titled Tuesday Blitz June 13 Late 2023"]
[White "Bettalli, Francesco"]
[Black "Vlassov, Nikolai"]
[WhiteFideId "2816453"]
[BlackFideId "4103360"]
[WhiteElo "2216"]
[BlackElo "2324"]
[Result "0-1"]
[Round "7"]
[TimeControl "180+2"]
[Date "2023.06.13"]
[WhiteClock "0:00:13"]
[BlackClock "0:00:42"]
[Board "76"]

1. d4 Nf6 2. Nc3 d5 3. Bf4 c6 4. e3 Qb6 5. Na4 Qa5+ 6. c3 Nbd7 7. b4 Qd8 8. Nf3 e6 9. Bd3 a5 10. a3 Be7 11. O-O O-O 12. Qc2 h6 13. h3 b6 14. Ne5 Nxe5 15. Bxe5 Ba6 16. Bxa6 Rxa6 17. Rfb1 Nd7 18. b5 cxb5 19. Rxb5 Nxe5 20. dxe5 Qc7 21. f4 f6 22. exf6 Bxf6 23. Rab1 Rc8 24. Rxb6 Rxb6 25. Rxb6 e5 26. Qb3 exf4 27. Qxd5+ Kh8 28. exf4 Qxf4 29. c4 Rd8 30. Rxf6 Qxf6 31. Qh5 Qd4+ 32. Kh2 Qxc4 33. Nb6 Qc7+ 34. Kh1 Qxb6 35. Qg6 Qxg6 0-1


[Site "https://www.chess.com"]

[Event "Titled Tuesday Blitz June 13 Late 2023"]
[White "Papayan, Oleg"]
[Black "Hajiyev, Kanan"]
[WhiteFideId "4193911"]
[BlackFideId "13404148"]
[WhiteElo "2167"]
[BlackElo "2115"]
[Result "1-0"]
[Round "7"]
[TimeControl "180+2"]
[Date "2023.06.13"]
[WhiteClock "0:00:03"]
[BlackClock "0:00:09"]
[Board "77"]

1. e4 c6 2. Nc3 d5 3. Nf3 a6 4. d4 Bg4 5. h3 Bh5 6. Be2 e6 7. O-O Nf6 8. e5 Nfd7 9. Bg5 Qc7 10. Nb1 c5 11. c3 Nc6 12. Nbd2 h6 13. Be3 cxd4 14. cxd4 Be7 15. Rc1 O-O 16. Nb3 Qb6 17. Nh2 Bxe2 18. Qxe2 a5 19. Ng4 a4 20. Nc5 Nxc5 21. dxc5 Qc7 22. Nxh6+ gxh6 23. Bxh6 Qxe5 24. Qg4+ Kh7 25. Bxf8 Rxf8 26. Rc3 Rg8 27. Qxa4 Qe4 28. Qxe4+ dxe4 29. Rd1 Bf6 30. Rc4 Bxb2 31. Rxe4 Kg7 32. Rg4+ Kf8 33. Rxg8+ Kxg8 34. Rd7 Bd4 35. Rxb7 e5 36. Rc7 Na5 37. c6 Kf8 38. Rc8+ Ke7 39. c7 Bb6 40. Rf8 Bxc7 41. Ra8 Nc6 42. a4 Kd6 43. h4 f5 44. h5 Nd8 45. h6 Nf7 46. h7 Kc5 47. Ra7 Kb6 48. Ra8 e4 49. Rf8 1-0


[Site "https://www.chess.com"]

[Event "Titled Tuesday Blitz June 13 Late 2023"]
[White "Ammar, Sedrani"]
[Black "Moral Garcia, Serafin"]
[WhiteFideId "9312331"]
[BlackFideId "2201925"]
[WhiteElo "2115"]
[BlackElo "2274"]
[Result "0-1"]
[Round "7"]
[TimeControl "180+2"]
[Date "2023.06.13"]
[WhiteClock "0:01:11"]
[BlackClock "0:00:48"]
[Board "78"]

1. e4 c5 2. Nf3 e6 3. d4 cxd4 4. Nxd4 Nc6 5. Nc3 Qc7 6. Be3 a6 7. Be2 Nf6 8. O-O Bb4 9. f3 d5 10. exd5 exd5 11. Nb3 Be6 12. Nc5 d4 13. Nxe6 fxe6 14. a3 Bxc3 15. bxc3 dxe3 16. Qc1 Qe5 17. Rb1 Rb8 18. Re1 Nd5 19. Bc4 O-O 20. Bxd5 Qxd5 21. Qxe3 e5 22. Rbd1 Qa2 23. Rd7 Qxc2 24. Red1 Rbd8 25. Rxd8 Nxd8 26. Rd2 Qb1+ 27. Kf2 e4 28. Qg5 Ne6 29. Qd5 Qb6+ 30. Kf1 exf3 31. gxf3 Kh8 32. Qd6 Rxf3+ 33. Kg2 Qxd6 34. Rxd6 Rf6 35. Rd7 b5 36. Ra7 Nf8 37. Rc7 Kg8 38. c4 bxc4 39. Rxc4 Ne6 40. a4 Kf7 41. a5 Rf5 42. Ra4 Nc5 43. Rb4 Nd7 44. Rb7 Ke6 45. Rc7 Rxa5 46. Rc6+ Ke7 47. Rc7 Ra2+ 0-1


[Site "https://www.chess.com"]

[Event "Titled Tuesday Blitz June 13 Late 2023"]
[White "Kielinkei"]
[Black "Dobrowolski, Piotr"]
[BlackFideId "1106236"]
[WhiteElo "2454"]
[BlackElo "2305"]
[Result "1/2-1/2"]
[Round "7"]
[TimeControl "180+2"]
[Date "2023.06.13"]
[WhiteClock "0:01:12"]
[BlackClock "0:01:29"]
[Board "79"]

1. Nf3 d5 2. b3 Nf6 3. Bb2 Bf5 4. e3 e6 5. Be2 h6 6. O-O Be7 7. c4 O-O 8. Nc3 c5 9. cxd5 exd5 10. d4 cxd4 11. Nxd4 Bg6 12. Bd3 Bh5 13. Qd2 Re8 14. Rac1 Nc6 15. Nxc6 bxc6 16. Na4 Bd6 17. h3 Rc8 18. Nc5 Bb8 19. Bxf6 Qxf6 20. Nd7 Qd6 21. Nxb8 Rxb8 22. Qc3 Rec8 23. Qc5 Qd7 24. b4 Bg6 25. Bxg6 fxg6 26. Rfd1 Rb5 27. Qd4 Qb7 28. a3 a5 29. Rc5 axb4 30. Rxb5 Qxb5 31. axb4 Rb8 32. Rc1 Qxb4 33. Qxb4 Rxb4 34. Rxc6 g5 35. Rc5 Rb1+ 36. Kh2 Rd1 37. Kg3 Rd2 38. Kf3 Kf7 39. Rc6 d4 40. exd4 Rxd4 41. Kg3 Rd3+ 42. f3 Rd2 43. Ra6 Rc2 44. Rb6 Rd2 45. Ra6 Rc2 46. Rb6 Rd2 47. Ra6 1/2-1/2


[Site "https://www.chess.com"]

[Event "Titled Tuesday Blitz June 13 Late 2023"]
[White "Arnold, Ken"]
[Black "MaryanKyrychenko"]
[WhiteFideId "2056836"]
[WhiteElo "2453"]
[BlackElo "2571"]
[Result "0-1"]
[Round "7"]
[TimeControl "180+2"]
[Date "2023.06.13"]
[WhiteClock "0:01:44"]
[BlackClock "0:02:36"]
[Board "80"]

1. d4 Nf6 2. c4 e6 3. Nf3 Bb4+ 4. Bd2 c5 5. Bxb4 cxb4 6. e3 O-O 7. Be2 b6 8. O-O Bb7 9. a3 bxa3 10. Rxa3 d6 11. Nc3 Nbd7 12. b4 a6 13. Qb3 Rc8 14. Rfa1 Qc7 15. c5 dxc5 16. bxc5 bxc5 17. Bxa6 Bxa6 18. Rxa6 cxd4 19. Nb5 Qb7 20. Ra7 Qb6 21. R7a6 Qb7 22. Nbxd4 Qxa6 0-1


[Site "https://www.chess.com"]

[Event "Titled Tuesday Blitz June 13 Late 2023"]
[White "Vovk, Orest"]
[Black "Jonkman, Harmen"]
[WhiteFideId "14113490"]
[BlackFideId "1002708"]
[WhiteElo "2215"]
[BlackElo "2368"]
[Result "1-0"]
[Round "7"]
[TimeControl "180+2"]
[Date "2023.06.13"]
[WhiteClock "0:00:05"]
[BlackClock "0:00:00"]
[Board "81"]

1. g4 d5 2. h3 e5 3. Bg2 Nc6 4. c4 dxc4 5. Bxc6+ bxc6 6. Nc3 Be6 7. Qa4 Qd7 8. Nf3 f6 9. b3 cxb3 10. axb3 Bc5 11. Ba3 Bxa3 12. Qxa3 Ne7 13. Qc5 Bxb3 14. Rxa7 Rxa7 15. Qxa7 O-O 16. d3 Ng6 17. Nd2 Bd5 18. Nxd5 cxd5 19. f3 Nf4 20. Kf2 Qc6 21. e3 Ra8 22. Qxa8+ Qxa8 23. exf4 Qa2 24. Ke2 exf4 25. Rc1 Qa7 26. d4 Kf7 27. Rc5 Qa6+ 28. Ke1 c6 29. Kd1 1-0


[Site "https://www.chess.com"]

[Event "Titled Tuesday Blitz June 13 Late 2023"]
[White "Fantinel, Thibault"]
[Black "Balla, Tamas-Kristof"]
[WhiteFideId "663395"]
[BlackFideId "1208497"]
[WhiteElo "2316"]
[BlackElo "2334"]
[Result "1/2-1/2"]
[Round "7"]
[TimeControl "180+2"]
[Date "2023.06.13"]
[WhiteClock "0:00:08"]
[BlackClock "0:00:11"]
[Board "82"]

1. c4 c5 2. g3 Nc6 3. Bg2 g6 4. Nc3 Bg7 5. a3 a5 6. Nf3 e6 7. h4 h6 8. d4 Nxd4 9. Nxd4 cxd4 10. Nb5 d5 11. cxd5 Nf6 12. d6 O-O 13. Qxd4 Bd7 14. Nc7 Rb8 15. O-O Bc6 16. Rd1 Nd5 17. Qd3 Nxc7 18. dxc7 Qxc7 19. Bf4 e5 20. Be3 Bxg2 21. Kxg2 b5 22. Rac1 Qb7+ 23. Qd5 Qa6 24. Rc6 Qb7 25. Rb6 Qxd5+ 26. Rxd5 Rxb6 27. Bxb6 Rb8 28. Bxa5 f5 29. Bc3 e4 30. Bxg7 Kxg7 31. h5 Rb6 32. hxg6 Kxg6 33. b4 Kg5 34. f3 exf3+ 35. exf3 Ra6 36. Rd3 Rc6 37. Kh3 Rc1 38. Rd5 Ra1 39. Rxb5 Rxa3 40. f4+ Kg6 41. Rb6+ Kh5 42. Rf6 Rxg3+ 43. Kh2 Rb3 44. Rxf5+ Kg4 45. Rb5 Kxf4 46. Rb8 Ke5 47. b5 Kd6 48. b6 Kc6 49. b7 Rxb7 50. Rxb7 Kxb7 51. Kh3 h5 52. Kh4 Kc6 53. Kxh5 1/2-1/2


[Site "https://www.chess.com"]

[Event "Titled Tuesday Blitz June 13 Late 2023"]
[White "Gimenez Aguirre, Alejo Ismael"]
[Black "Womacka, Mathias"]
[WhiteFideId "32041667"]
[BlackFideId "4611390"]
[WhiteElo "2165"]
[BlackElo "2377"]
[Result "1-0"]
[Round "7"]
[TimeControl "180+2"]
[Date "2023.06.13"]
[WhiteClock "0:01:20"]
[BlackClock "0:00:31"]
[Board "83"]

1. e4 c5 2. Nf3 d6 3. d4 cxd4 4. Nxd4 Nf6 5. Bd3 e5 6. Nf3 d5 7. exd5 e4 8. Qe2 Bb4+ 9. Bd2 Bxd2+ 10. Nbxd2 O-O 11. Nxe4 Nxd5 12. O-O-O Nf4 13. Qe3 Nxd3+ 14. Rxd3 Qc7 15. Rhd1 Nc6 16. Qg5 h6 17. Qg3 Qa5 18. a3 Be6 19. Nd4 Nxd4 20. Rxd4 Rac8 21. Kb1 Rc6 22. Rd6 Rc4 23. Qd3 Qf5 24. f3 Rfc8 25. Rd8+ Rxd8 26. Qxd8+ Kh7 27. Qd2 Rc7 28. Nd6 Qe5 29. Qd3+ Kg8 30. g3 Rd7 31. f4 Qc5 32. Qd4 Qc6 33. Qe5 g6 34. b3 Bf5 35. Rd2 Bxc2+ 36. Rxc2 Qxd6 37. Rc8+ Rd8 38. Qxd6 1-0


[Site "https://www.chess.com"]

[Event "Titled Tuesday Blitz June 13 Late 2023"]
[White "Buchenau, Frank"]
[Black "MKlose11"]
[WhiteFideId "4604350"]
[WhiteElo "2157"]
[BlackElo "2546"]
[Result "0-1"]
[Round "7"]
[TimeControl "180+2"]
[Date "2023.06.13"]
[WhiteClock "0:00:09"]
[BlackClock "0:00:09"]
[Board "84"]

1. e4 e6 2. d4 d5 3. Nc3 Bb4 4. exd5 exd5 5. Bd3 Nc6 6. Ne2 Nce7 7. O-O h6 8. Bf4 Nf6 9. Nb5 Ba5 10. c3 O-O 11. Re1 Bf5 12. Ng3 Bxd3 13. Qxd3 Ng6 14. Be5 c6 15. Nd6 Rb8 16. Ngf5 Bc7 17. Qg3 Kh7 18. Rad1 Ne8 19. Nxe8 Bxe5 20. dxe5 Rxe8 21. Nd6 Re7 22. f4 Qb6+ 23. Kh1 Rg8 24. f5 Nh8 25. Rd4 Qxb2 26. Rg4 g5 27. h4 Qd2 28. Rd4 Qc2 29. hxg5 Rxg5 30. Qh3 Qf2 31. Rg1 Rxe5 32. Rh4 h5 33. Rxh5+ Rxh5 34. Qxh5+ Kg7 35. Qg5+ Kf8 36. Qd8+ Kg7 37. Ne8+ Rxe8 38. Qxe8 Qh4# 0-1


[Site "https://www.chess.com"]

[Event "Titled Tuesday Blitz June 13 Late 2023"]
[White "Jaskolka, Tomasz"]
[Black "Kubatko, Ivan"]
[WhiteFideId "1170791"]
[BlackFideId "24111473"]
[WhiteElo "2155"]
[BlackElo "2285"]
[Result "1-0"]
[Round "7"]
[TimeControl "180+2"]
[Date "2023.06.13"]
[WhiteClock "0:00:09"]
[BlackClock "0:00:03"]
[Board "85"]

1. d4 d5 2. Nc3 Nf6 3. Bf4 e6 4. Nb5 Na6 5. e3 Be7 6. Nf3 O-O 7. Ne5 Nd7 8. a3 f6 9. Nf3 Re8 10. c4 Nf8 11. Nc3 c6 12. cxd5 cxd5 13. Bxa6 bxa6 14. O-O a5 15. Qd2 Ba6 16. Rfc1 Rc8 17. Na4 Bc4 18. b4 axb4 19. axb4 Ng6 20. Bg3 Bf8 21. Nc5 Bxc5 22. bxc5 a6 23. Qb4 Qd7 24. Rcb1 Bb5 25. Nd2 h5 26. h3 h4 27. Bh2 e5 28. Nb3 Qf5 29. Qd2 Kh7 30. dxe5 Bc4 31. Nd4 Qg5 32. exf6 gxf6 33. c6 Ne5 34. Rb7+ Kg8 35. f4 Qg6 36. fxe5 fxe5 37. Nf3 Qxc6 38. Rab1 Bb5 39. Ra7 Qb6 40. Qxd5+ Kh8 41. Bxe5+ Rxe5 42. Qxe5+ 1-0


[Site "https://www.chess.com"]

[Event "Titled Tuesday Blitz June 13 Late 2023"]
[White "Sreyas Payyappat"]
[Black "Myers, Dominique"]
[WhiteFideId "46674969"]
[BlackFideId "2041715"]
[WhiteElo "2043"]
[BlackElo "1951"]
[Result "1-0"]
[Round "7"]
[TimeControl "180+2"]
[Date "2023.06.13"]
[WhiteClock "0:02:37"]
[BlackClock "0:01:57"]
[Board "86"]

1. e4 e5 2. Nf3 Nc6 3. Bc4 Nf6 4. d4 exd4 5. e5 d5 6. Bb5 Ne4 7. Nxd4 Bd7 8. Bxc6 bxc6 9. O-O Bc5 10. c3 O-O 11. f3 Ng5 12. f4 Ne4 13. Nd2 Nxd2 14. Bxd2 Re8 15. Kh1 f6 16. Re1 fxe5 17. fxe5 Bb6 18. e6 Bxd4 19. exd7 Rxe1+ 20. Qxe1 Bf6 21. Qe6+ Kh8 22. Re1 h6 23. Qf7 Qg8 24. Re8 1-0


[Site "https://www.chess.com"]

[Event "Titled Tuesday Blitz June 13 Late 2023"]
[White "Siniauski, Artsiom"]
[Black "Kabilov, Amin"]
[WhiteFideId "13512269"]
[BlackFideId "14700859"]
[WhiteElo "2065"]
[BlackElo "2110"]
[Result "0-1"]
[Round "7"]
[TimeControl "180+2"]
[Date "2023.06.13"]
[WhiteClock "0:00:00"]
[BlackClock "0:00:31"]
[Board "87"]

1. e4 c5 2. Nf3 d6 3. d4 cxd4 4. Qxd4 Nf6 5. Be2 Nc6 6. Qe3 Nb4 7. Na3 Bg4 8. O-O e5 9. c3 Nc6 10. Rd1 Be7 11. Nc4 Bxf3 12. Bxf3 b5 13. Nd2 O-O 14. a4 a6 15. Nb3 Qc7 16. Bd2 Nd7 17. Be1 Nb6 18. Be2 Nxa4 19. c4 Nxb2 20. Rdc1 Nxc4 21. Bxc4 bxc4 22. Rxc4 Qb7 23. Rac1 Rac8 24. Rxc6 Rxc6 25. Na5 Rxc1 26. Nxb7 Bg5 27. Qe2 Rb8 28. Nxd6 Rbb1 29. Kf1 Be7 30. Nc4 Bb4 31. Nd2 Rb2 32. Qxa6 g6 33. Qa8+ Kg7 34. Qb8 Rxe1+ 35. Kxe1 Bxd2+ 36. Kd1 Rxb8 37. Kxd2 Rd8+ 0-1


[Site "https://www.chess.com"]

[Event "Titled Tuesday Blitz June 13 Late 2023"]
[White "Yolosz"]
[Black "Pert, Richard G"]
[BlackFideId "404748"]
[WhiteElo "2420"]
[BlackElo "2441"]
[Result "1-0"]
[Round "7"]
[TimeControl "180+2"]
[Date "2023.06.13"]
[WhiteClock "0:00:37"]
[BlackClock "0:00:15"]
[Board "88"]

1. d4 Nf6 2. Bf4 c5 3. e3 g6 4. Nc3 Bg7 5. h4 cxd4 6. exd4 d6 7. Bc4 Nc6 8. h5 Nxh5 9. Rxh5 gxh5 10. Qxh5 Rf8 11. O-O-O Bxd4 12. Nb5 Qb6 13. Nf3 Bxf2 14. Bxd6 Be3+ 15. Kb1 exd6 16. Nxd6+ Ke7 17. Qh4+ f6 18. Qxh7+ Kd8 19. Nb5+ Ke8 20. Nc7+ Qxc7 21. Qxc7 f5 22. Ne5 f4 23. Nxc6 bxc6 24. Rd8# 1-0


[Site "https://www.chess.com"]

[Event "Titled Tuesday Blitz June 13 Late 2023"]
[White "Nikologorsky, Matfei"]
[Black "Petesch, Gabriel"]
[WhiteFideId "24102474"]
[BlackFideId "2032465"]
[WhiteElo "2153"]
[BlackElo "2374"]
[Result "1-0"]
[Round "7"]
[TimeControl "180+2"]
[Date "2023.06.13"]
[WhiteClock "0:00:20"]
[BlackClock "0:00:00"]
[Board "89"]

1. e4 d6 2. d4 e5 3. Nf3 exd4 4. Nxd4 Nf6 5. Nc3 Be7 6. Be2 O-O 7. Be3 a6 8. O-O b5 9. f3 Bb7 10. Nf5 Nbd7 11. Qd2 Re8 12. Nxe7+ Qxe7 13. Bg5 h6 14. Bh4 Nxe4 15. fxe4 Qxh4 16. Rf4 Qg5 17. h4 Qc5+ 18. Kh1 b4 19. Nd5 Bxd5 20. exd5 Re7 21. Bf3 a5 22. a3 Rb8 23. axb4 axb4 24. Rf1 Ne5 25. Bh5 b3 26. c3 Rf8 27. Qd1 Nc4 28. Qd4 Qxd4 29. Rxd4 Nxb2 30. Rb1 g6 31. Bf3 Rb8 32. Rxb2 Re3 33. Rb4 Rxb4 34. cxb4 Rd3 35. Kg1 Rc3 36. Kf1 Rc1+ 37. Ke2 Rc4 38. Rxb3 g5 39. hxg5 hxg5 40. Kd3 Rh4 41. b5 g4 42. Be4 Kg7 43. Rc3 Rh5 44. Rxc7 Kf6 45. b6 Ke5 46. b7 f5 47. b8=Q fxe4+ 48. Ke3 1-0


[Site "https://www.chess.com"]

[Event "Titled Tuesday Blitz June 13 Late 2023"]
[White "Ozalp, Burak"]
[Black "Tokhirjonova, Gulrukhbegim"]
[WhiteFideId "6314210"]
[BlackFideId "14203626"]
[WhiteElo "2106"]
[BlackElo "2265"]
[Result "0-1"]
[Round "7"]
[TimeControl "180+2"]
[Date "2023.06.13"]
[WhiteClock "0:00:03"]
[BlackClock "0:00:22"]
[Board "90"]

1. Nf3 d5 2. c4 dxc4 3. e3 Be6 4. Na3 Nc6 5. Nxc4 Nf6 6. b3 g6 7. Bb2 Bg7 8. Be2 O-O 9. O-O h6 10. Rc1 Bd5 11. d3 Re8 12. Qd2 a5 13. Nce5 Nxe5 14. Bxe5 c6 15. Qb2 a4 16. Rfd1 Qb6 17. Bd4 Qb5 18. Rc5 Qb4 19. e4 Be6 20. Rc3 axb3 21. axb3 Ra5 22. Rdc1 Qa3 23. Qxa3 Rxa3 24. b4 Ra2 25. Bf1 Rea8 26. Rb1 Ng4 27. Bxg7 Kxg7 28. h3 Nxf2 29. Rbc1 g5 30. R3c2 Rxc2 31. Rxc2 Nd1 32. Nd4 Ne3 33. Nxe6+ fxe6 34. Rc1 Ra3 35. Kf2 Nxf1 36. Kxf1 Rxd3 37. b5 cxb5 38. Rc7 Kf6 39. Rxb7 Rb3 40. Ke2 h5 41. Kd2 Rb2+ 42. Ke3 h4 43. Kf3 b4 44. Rb5 b3 45. Rb4 e5 46. Rb6+ e6 47. Rb7 Rb1 48. Kg4 b2 49. Kh5 Re1 50. Rxb2 Rxe4 51. Rf2+ Rf4 52. Re2 e4 53. Kh6 Kf5 54. Kh5 Rf1 55. Ra2 e3 56. Ra8 Ke4 57. Re8 e5 58. Ra8 e2 59. Ra4+ Kf5 60. Ra8 e1=Q 61. Rf8+ Ke4 62. Rxf1 Qxf1 63. g4 hxg3 64. h4 Qf3+ 65. Kh6 g2 0-1


[Site "https://www.chess.com"]

[Event "Titled Tuesday Blitz June 13 Late 2023"]
[White "Ansh M Shah"]
[Black "Hnydiuk, Aleksander"]
[WhiteFideId "25033379"]
[BlackFideId "1109057"]
[WhiteElo "2084"]
[BlackElo "2374"]
[Result "1-0"]
[Round "7"]
[TimeControl "180+2"]
[Date "2023.06.13"]
[WhiteClock "0:01:27"]
[BlackClock "0:00:32"]
[Board "91"]

1. d4 d5 2. c4 c6 3. cxd5 cxd5 4. Nc3 Nf6 5. Bf4 Nc6 6. e3 Bf5 7. Nf3 e6 8. Rc1 Be7 9. Qb3 O-O 10. Qxb7 Nb4 11. a3 Nc2+ 12. Kd2 Nh5 13. Be5 f6 14. Bc7 Qc8 15. Ba6 Qe8 16. Nh4 Nxa3 17. Nxf5 exf5 18. bxa3 Bxa3 19. Ra1 Qg6 20. Rxa3 Qxg2 21. Qxd5+ Qxd5 22. Nxd5 1-0


[Site "https://www.chess.com"]

[Event "Titled Tuesday Blitz June 13 Late 2023"]
[White "Shapiro, Viktor"]
[Black "Rodriguez, Santiago"]
[WhiteFideId "4175700"]
[BlackFideId "3000591"]
[WhiteElo "2212"]
[BlackElo "2249"]
[Result "0-1"]
[Round "7"]
[TimeControl "180+2"]
[Date "2023.06.13"]
[WhiteClock "0:00:00"]
[BlackClock "0:01:05"]
[Board "92"]

1. c4 e5 2. Nc3 Nc6 3. g3 Bc5 4. Bg2 d6 5. e3 a6 6. Nge2 Ba7 7. d4 h5 8. h3 h4 9. g4 f5 10. gxf5 Bxf5 11. d5 Nce7 12. e4 Bh7 13. Bg5 Nf6 14. Bxh4 Bxe4 15. Bxe4 Rxh4 16. Bg2 Qd7 17. Qd3 O-O-O 18. O-O-O Bxf2 19. Rdf1 Bb6 20. Ne4 Nxe4 21. Bxe4 g6 22. Rf7 Qe8 23. Rhf1 Kb8 24. Rg7 Nf5 25. Bxf5 gxf5 26. Rxf5 Qa4 27. Kb1 Rdh8 28. b3 Qa5 29. Rg3 Qe1+ 30. Kc2 Qa1 31. Nc3 Bd4 32. Rf1 Qxc3+ 33. Qxc3 Bxc3 34. Rxc3 Rxh3 35. Rxh3 Rxh3 36. Rf8+ Ka7 37. a3 a5 38. Rf7 Kb6 39. Kb2 c6 40. dxc6 bxc6 41. Rd7 Rd3 42. b4 axb4 43. axb4 d5 44. cxd5 cxd5 45. Kc2 e4 46. Rd8 Kb5 47. Rb8+ Kc4 48. b5 Rc3+ 49. Kd2 Rb3 50. b6 Kd4 51. b7 e3+ 52. Kc2 Rb6 53. Kd1 Kd3 54. Kc1 e2 55. Re8 Rxb7 56. Re5 Rc7+ 57. Kb2 d4 58. Re6 Kd2 0-1


[Site "https://www.chess.com"]

[Event "Titled Tuesday Blitz June 13 Late 2023"]
[White "FuenfgegenWilly"]
[Black "Fedotov, Nikita"]
[BlackFideId "24161446"]
[WhiteElo "2408"]
[BlackElo "2211"]
[Result "0-1"]
[Round "7"]
[TimeControl "180+2"]
[Date "2023.06.13"]
[WhiteClock "0:00:04"]
[BlackClock "0:00:04"]
[Board "93"]

1. d4 Nf6 2. c4 c5 3. d5 b5 4. cxb5 a6 5. bxa6 g6 6. Nc3 Bxa6 7. e4 Bxf1 8. Kxf1 d6 9. g3 Bg7 10. Kg2 O-O 11. Nf3 Nbd7 12. Bf4 Ra6 13. Qe2 Qa8 14. Rad1 Ng4 15. h3 Nge5 16. Bg5 Rb8 17. a4 Rab6 18. Rd2 Nxf3 19. Qxf3 f6 20. Bf4 Rxb2 21. Ra1 Ne5 22. Qe2 R2b4 23. Bxe5 fxe5 24. Qg4 Bf6 25. Qe6+ Kg7 26. Rda2 Qa5 27. h4 Rc4 28. Nb5 Rxe4 29. h5 gxh5 30. Qd7 Rd8 31. Qb7 h4 32. Nc7 Kf7 33. Ne6 Rg8 34. Qb5 Qc3 35. Ra3 Qd2 36. R3a2 Rxg3+ 37. Kf1 Qc3 38. fxg3 Qxg3 39. Rg2 Qf3+ 40. Kg1 h3 41. Nd8+ Kf8 42. Ne6+ Kf7 43. Nd8+ Kf8 44. Rg8+ Kxg8 45. Qe8+ Kg7 46. Ne6+ Kh6 47. Qf8+ Kh5 48. Qf7+ Kg4 49. Qg8+ Kf5 50. Rf1 h2+ 51. Kxh2 Rh4+ 52. Kg1 Rh1# 0-1


[Site "https://www.chess.com"]

[Event "Titled Tuesday Blitz June 13 Late 2023"]
[White "Bueno, Alfeu Junior Varela"]
[Black "Osmak, Yuliia"]
[WhiteFideId "2108879"]
[BlackFideId "14101602"]
[WhiteElo "2175"]
[BlackElo "2303"]
[Result "1-0"]
[Round "7"]
[TimeControl "180+2"]
[Date "2023.06.13"]
[WhiteClock "0:01:55"]
[BlackClock "0:01:26"]
[Board "94"]

1. e4 c5 2. Nc3 d6 3. f4 Nc6 4. Bb5 Bd7 5. Nf3 a6 6. Bxc6 Bxc6 7. d3 Nf6 8. O-O e6 9. Qe1 Be7 10. Qg3 O-O 11. Bd2 b5 12. Rae1 b4 13. Nd1 a5 14. Ne3 a4 15. f5 Kh8 16. fxe6 fxe6 17. Qh3 Qd7 18. Ng5 e5 19. Rxf6 Qxh3 20. Rxf8+ Rxf8 21. Nxh3 b3 22. axb3 axb3 23. cxb3 Rb8 24. Nc4 Rxb3 25. Na5 Rxb2 26. Nxc6 1-0


[Site "https://www.chess.com"]

[Event "Titled Tuesday Blitz June 13 Late 2023"]
[White "Musovic, Armin"]
[Black "Avalos Parra, Joao"]
[WhiteFideId "939935"]
[BlackFideId "3402541"]
[WhiteElo "2322"]
[BlackElo "2173"]
[Result "1-0"]
[Round "7"]
[TimeControl "180+2"]
[Date "2023.06.13"]
[WhiteClock "0:00:12"]
[BlackClock "0:00:00"]
[Board "95"]

1. a3 d5 2. Nc3 Nf6 3. d3 e5 4. Bg5 Be6 5. e4 d4 6. Nce2 c5 7. h3 h6 8. Bh4 Nc6 9. f4 Bd6 10. f5 Bd7 11. g4 Qa5+ 12. Kf2 O-O-O 13. Nf3 g5 14. fxg6 Be7 15. b4 cxb4 16. axb4 Qxb4 17. g7 Rhg8 18. Bg3 Qc5 19. Nc1 Rxg7 20. Nb3 Qd6 21. Na5 Bxg4 22. Nxc6 Qxc6 23. Nxe5 Bxd1 24. Nxc6 bxc6 25. Rxd1 Nh5 26. Be5 Bh4+ 27. Kf3 f6 28. Bh2 Rdg8 29. Rb1 Bg3 30. Bg1 Be5 31. Bf2 f5 32. exf5 Rf8 33. h4 Kc7 34. Bh3 Ng3 35. Rhe1 Bd6 36. Bxd4 Rgf7 37. f6 c5 38. Bc3 Nh5 39. Be6 Rh7 40. Ba5+ Kc6 41. c4 Nxf6 42. Kg2 Rg7+ 43. Kh1 Ng4 44. Bd5+ Kd7 45. Rb7+ Kc8 46. Rxg7 Nf2+ 47. Kg2 Nxd3 48. Rb1 Nf4+ 49. Kh1 Ne2 50. Bb7+ Kb8 51. Bf3+ Kc8 52. Bxe2 Re8 53. Bg4+ 1-0


[Site "https://www.chess.com"]

[Event "Titled Tuesday Blitz June 13 Late 2023"]
[White "Hoffmann, Asa"]
[Black "Yeritsyan, Hayk"]
[WhiteFideId "2001470"]
[BlackFideId "13307320"]
[WhiteElo "2117"]
[BlackElo "2504"]
[Result "0-1"]
[Round "7"]
[TimeControl "180+2"]
[Date "2023.06.13"]
[WhiteClock "0:00:25"]
[BlackClock "0:00:22"]
[Board "96"]

1. d4 d5 2. Bg5 c6 3. e3 Bf5 4. c4 Qa5+ 5. Nc3 e6 6. Qb3 Qb4 7. c5 Qxb3 8. axb3 Nd7 9. b4 b5 10. cxb6 Nxb6 11. b5 c5 12. Nf3 Nf6 13. Be2 Ne4 14. Nxe4 Bxe4 15. O-O Bxf3 16. Bxf3 cxd4 17. exd4 Bd6 18. Rfc1 Kd7 19. b3 Rhc8 20. Kf1 Rxc1+ 21. Bxc1 Be7 22. Ke2 Bf6 23. Be3 Kc7 24. Kd3 Kb7 25. g4 g6 26. Be2 Rc8 27. f4 Nd7 28. Bd2 Nc5+ 29. dxc5 Bxa1 30. b4 f6 31. Be3 e5 32. fxe5 fxe5 33. c6+ Kb8 34. Bc5 e4+ 35. Kd2 Be5 36. h4 Bc7 37. g5 Rd8 38. Ke3 Bb6 39. Kd4 Bxc5+ 40. bxc5 Kc7 41. Bg4 Rb8 42. Be2 a6 43. bxa6 Kxc6 44. Bg4 Rb4+ 45. Ke5 Kxc5 46. Bd7 Rb1 47. a7 Ra1 48. Be6 Rxa7 49. Bxd5 Re7+ 50. Kf6 Kxd5 51. Kxe7 e3 0-1


[Site "https://www.chess.com"]

[Event "Titled Tuesday Blitz June 13 Late 2023"]
[White "Santos Flores, Alberto"]
[Black "Bogaudinov, Rushan"]
[WhiteFideId "3601234"]
[BlackFideId "4129288"]
[WhiteElo "2235"]
[BlackElo "1967"]
[Result "1-0"]
[Round "7"]
[TimeControl "180+2"]
[Date "2023.06.13"]
[WhiteClock "0:00:17"]
[BlackClock "0:00:00"]
[Board "97"]

1. e4 a6 2. d4 e6 3. Nf3 d5 4. e5 c5 5. c3 Nc6 6. Bd3 b5 7. Be3 c4 8. Bc2 Nge7 9. h4 Nf5 10. Bg5 Qb6 11. g4 Nfe7 12. Nbd2 b4 13. Be3 a5 14. h5 bxc3 15. bxc3 Qb2 16. h6 g6 17. Rc1 Qxa2 18. Ng5 Qa3 19. Bb1 a4 20. Nf1 Rb8 21. Qf3 Nf5 22. gxf5 gxf5 23. Qh5 Nd8 24. Ng3 Be7 25. Ne2 Rb2 26. Nf4 Qb3 27. Bxf5 exf5 28. e6 Bxg5 29. Qxg5 Nxe6 30. Nxe6 Bxe6 31. Qg7 Rf8 32. Qxh7 Rc2 33. O-O a3 34. Qg7 Rxc1 35. Rxc1 a2 36. h7 Qb1 37. Qxf8+ Kxf8 38. h8=Q+ Ke7 39. Bg5+ Kd6 40. Qd8+ Kc6 41. Qa8+ Kd7 42. Qa4+ Kc8 43. Kh2 Qb3 44. Qa8+ Kd7 45. Ra1 1-0


[Site "https://www.chess.com"]